[Event "December 12 Early 2023"]
[Site "https://www.chess.com"]
[Date "2023.12.12"]
[Round "4"]
[White "Kuchava, Ana"]
[Black "YurasovMat-2012"]
[Result "0-1"]
[Board "203"]
[TimeControl "180+1"]
[WhiteFideId "13605348"]
[WhiteElo "2210"]
[BlackElo "2445"]
[WhiteTeam "GEO"]
[WhiteClock "0:00:00"]
[BlackClock "0:00:34"]

1. d4 d5 2. c4 c6 3. Nf3 Nf6 4. Qb3 dxc4 5. Qxc4 Bf5 6. g3 e6 7. Bg2 Nbd7 8. O-O Be7 9. Nc3 O-O 10. Re1 Nb6 11. Qb3 Ne4 12. Bf4 Nxc3 13. bxc3 Be4 14. a4 Qd5 15. Qxd5 cxd5 16. Ne5 Bxg2 17. Kxg2 f6 18. Nd3 Rac8 19. a5 Nc4 20. Reb1 b6 21. axb6 axb6 22. Ra7 Rfe8 23. Bc7 Bd8 24. Bxd8 Rexd8 25. e3 Ra8 26. Rba1 Rac8 27. Re7 Re8 28. Raa7 Rxe7 29. Rxe7 Kf8 30. Rb7 Kg8 31. Nf4 Re8 32. Nh5 Rf8 33. Rxg7+ Kh8 34. Re7 e5 35. Rd7 f5 36. Rxd5 e4 37. Rd7 Nd2 38. Nf4 Nf3 39. Rb7 Ra8 40. Rxb6 Ra1 41. h4 Rg1+ 42. Kh3 Kg8 43. Rb7 Rf1 44. Kg2 Rc1 45. d5 Rg1+ 46. Kh3 Ne5 47. d6 Rd1 0-1

[Event "December 12 Early 2023"]
[Site "https://www.chess.com"]
[Date "2023.12.12"]
[Round "4"]
[White "Borawski, Jakub"]
[Black "Mazurkiewicz, Michal"]
[Result "0-1"]
[Board "204"]
[TimeControl "180+1"]
[WhiteFideId "1143000"]
[BlackFideId "1124943"]
[WhiteElo "2206"]
[BlackElo "2430"]
[WhiteTeam "POL"]
[BlackTeam "POL"]
[WhiteClock "0:02:18"]
[BlackClock "0:02:34"]

1. e4 d6 2. d4 Nf6 3. Nc3 c6 4. f3 b5 5. Be3 e5 6. Qd2 Be7 7. h4 O-O 8. O-O-O b4 9. Nb1 a5 10. g4 Nbd7 11. h5 h6 12. Nh3 Nh7 13. Rg1 Ng5 14. Be2 Nxh3 15. Rg2 Nf4 16. Rh2 Bg5 17. dxe5 dxe5 18. Bc4 Ne6 19. Re2 Nd4 0-1

[Event "December 12 Early 2023"]
[Site "https://www.chess.com"]
[Date "2023.12.12"]
[Round "4"]
[White "Arshiya Das"]
[Black "Onoprijchuk, Boris"]
[Result "0-1"]
[Board "205"]
[TimeControl "180+1"]
[WhiteFideId "25652150"]
[BlackFideId "4171179"]
[WhiteElo "2206"]
[BlackElo "2387"]
[WhiteTeam "IND"]
[BlackTeam "RUS"]
[WhiteClock "0:00:50"]
[BlackClock "0:00:46"]

1. e4 c6 2. d4 d5 3. Nd2 dxe4 4. Nxe4 Nf6 5. Nxf6+ exf6 6. c3 Bd6 7. Bd3 O-O 8. Qc2 Re8+ 9. Ne2 h5 10. Be3 Nd7 11. O-O-O Nf8 12. Kb1 a5 13. Ng3 g6 14. Bh6 a4 15. Rhe1 Be6 16. Bxf8 Kxf8 17. Qd2 Kg7 18. Bc2 Bxg3 19. fxg3 Qd5 20. a3 Qa2+ 21. Kc1 Qa1+ 22. Bb1 Bf5 23. Qc2 Bxc2 24. Kxc2 Rxe1 25. Rxe1 f5 26. Re7 Kf6 27. Re1 b5 28. Re2 Rc8 29. Re5 c5 30. Rxc5 Rxc5 31. dxc5 Ke5 32. Kc1 Kd5 33. Kc2 Kxc5 34. Kc1 Kd5 35. h3 Ke5 36. Kc2 f4 37. gxf4+ Kxf4 38. Kc1 Kg3 39. Kc2 Kxg2 40. Kc1 Kxh3 41. Kc2 Kg4 42. Kc1 h4 43. Kc2 h3 44. Kc1 h2 45. Kc2 h1=Q 46. Ba2 Qhd1# 0-1

[Event "December 12 Early 2023"]
[Site "https://www.chess.com"]
[Date "2023.12.12"]
[Round "4"]
[White "Rosenberg, Evan S"]
[Black "Guzman Lozano, Campo Elias"]
[Result "1/2-1/2"]
[Board "206"]
[TimeControl "180+1"]
[WhiteFideId "2019299"]
[BlackFideId "4403746"]
[WhiteElo "2386"]
[BlackElo "2186"]
[WhiteTeam "USA"]
[BlackTeam "COL"]
[WhiteClock "0:00:38"]
[BlackClock "0:01:22"]

1. c4 e6 2. Nf3 d5 3. d4 c6 4. g3 Be7 5. Bg2 Nf6 6. O-O O-O 7. Nc3 Na6 8. a3 dxc4 9. Ne5 Nc7 10. Nxc4 Ncd5 11. e4 Nxc3 12. bxc3 a5 13. a4 Ne8 14. Rb1 Nd6 15. Nb6 Ra6 16. Nxc8 Qxc8 17. e5 Nc4 18. Qd3 Nb6 19. Be4 g6 20. Bh6 Rd8 21. Qc2 Nd5 22. Bd3 Rb6 23. h4 c5 24. Qd2 cxd4 25. cxd4 Rxb1 26. Rxb1 Bb4 27. Qg5 Be7 28. Qd2 Bb4 29. Qg5 Be7 30. Qd2 1/2-1/2

[Event "December 12 Early 2023"]
[Site "https://www.chess.com"]
[Date "2023.12.12"]
[Round "4"]
[White "Fernandez Hernandez, Gerardo"]
[Black "La Villa Rivas, Marlon Javier"]
[Result "1-0"]
[Board "207"]
[TimeControl "180+1"]
[WhiteFideId "2207400"]
[BlackFideId "3519546"]
[WhiteElo "2176"]
[BlackElo "2354"]
[WhiteTeam "ESP"]
[BlackTeam "CUB"]
[WhiteClock "0:00:26"]
[BlackClock "0:00:21"]

1. e4 c5 2. d3 Nc6 3. g3 g6 4. Bg2 Bg7 5. f4 d6 6. Nf3 e6 7. O-O Nge7 8. c3 O-O 9. Be3 b5 10. d4 cxd4 11. cxd4 d5 12. e5 Nf5 13. Bf2 a5 14. Nc3 b4 15. Na4 Ba6 16. Re1 Bb5 17. Nc5 h5 18. h3 a4 19. g4 hxg4 20. hxg4 Nfe7 21. Qd2 Qa5 22. Nb7 Qb6 23. Nc5 Ra7 24. Bh4 Nc8 25. Bf6 Bxf6 26. exf6 Qd8 27. g5 Nd6 28. Qf2 Nf5 29. Bh3 Nce7 30. Qh2 Re8 31. Kg2 Kf8 32. Bxf5 Ng8 33. Qh8 1-0

[Event "December 12 Early 2023"]
[Site "https://www.chess.com"]
[Date "2023.12.12"]
[Round "4"]
[White "Yushko, Olga"]
[Black "Georg, Heinz"]
[Result "0-1"]
[Board "208"]
[TimeControl "180+1"]
[WhiteFideId "14114500"]
[BlackFideId "4607295"]
[WhiteElo "2117"]
[BlackElo "2350"]
[WhiteTeam "UKR"]
[BlackTeam "GER"]
[WhiteClock "0:00:46"]
[BlackClock "0:00:17"]

1. d4 f5 2. g3 Nf6 3. Bg2 g6 4. Nh3 Bg7 5. O-O O-O 6. Nd2 d5 7. f3 c5 8. c3 cxd4 9. cxd4 Nc6 10. e3 h6 11. Nf2 b6 12. Re1 e5 13. Nb3 e4 14. fxe4 fxe4 15. Bd2 Qd6 16. Rc1 Bd7 17. a3 a5 18. Qe2 a4 19. Na1 g5 20. Nc2 Rf7 21. Nb4 Na5 22. Bc3 Nc4 23. Qd1 b5 24. Bf1 Raf8 25. Bxc4 bxc4 26. Re2 Ng4 27. Nxg4 Bxg4 28. Nc2 Bxe2 29. Qxe2 Qf6 30. Bb4 Rb8 31. Ne1 Qf5 32. Bd6 Rb3 33. Bb4 g4 34. Ng2 Qf3 35. Re1 Qxe2 36. Rxe2 Rf3 37. Bc3 Bf8 38. Nf4 Bxa3 39. Nxd5 Bd6 40. Be1 a3 41. bxa3 Bxa3 42. Nc3 Bb4 43. Nxe4 Bxe1 44. Rxe1 Rbxe3 45. Rxe3 Rxe3 46. Nf6+ Kf7 47. Nxg4 Re2 48. Kf1 Rc2 49. Nxh6+ Ke6 50. Ng4 c3 51. d5+ Kd6 52. Ne3 Rd2 53. h4 c2 54. Nxc2 Rxc2 55. g4 Rc4 0-1

[Event "December 12 Early 2023"]
[Site "https://www.chess.com"]
[Date "2023.12.12"]
[Round "4"]
[White "Negron Lizarazo, Juan Sebastian"]
[Black "Kleibel, Uwe"]
[Result "1-0"]
[Board "209"]
[TimeControl "180+1"]
[WhiteFideId "3936910"]
[BlackFideId "1270982"]
[WhiteElo "2108"]
[BlackElo "2350"]
[WhiteTeam "COL"]
[BlackTeam "GER"]
[WhiteClock "0:00:11"]
[BlackClock "0:00:10"]

1. e4 e5 2. Nf3 Nc6 3. d4 exd4 4. c3 Qe7 5. Bd3 d5 6. O-O dxe4 7. Bxe4 dxc3 8. Nxc3 Nf6 9. Bg5 Be6 10. Re1 h6 11. Bxf6 Qxf6 12. Bxc6+ bxc6 13. Ne4 Qd8 14. Qc2 Qd7 15. Rad1 Bd6 16. Ne5 Qc8 17. Qxc6+ Kf8 18. Nxd6 cxd6 19. Qxd6+ Kg8 20. Rc1 Qb8 21. Qe7 Qxb2 22. f4 Qxa2 23. f5 Bxf5 24. Rf1 Be6 25. Rf2 Qd5 26. Rc7 Qxe5 27. Rxf7 Qa1+ 28. Rf1 Qd4+ 29. Kh1 Bd5 30. Qd7 Kh7 31. Qf5+ Kg8 32. Rd7 Qc4 33. Rxd5 a5 34. Qe6+ Kh7 35. Qf5+ Kg8 36. Re1 a4 37. Rde5 a3 38. Re8+ Rxe8 39. Rxe8# 1-0

[Event "December 12 Early 2023"]
[Site "https://www.chess.com"]
[Date "2023.12.12"]
[Round "4"]
[White "Lakshmi C"]
[Black "Bregu, Riza"]
[Result "0-1"]
[Board "210"]
[TimeControl "180+1"]
[WhiteFideId "25035347"]
[BlackFideId "4701739"]
[WhiteElo "2068"]
[BlackElo "2346"]
[WhiteTeam "IND"]
[BlackTeam "ALB"]
[WhiteClock "0:00:00"]
[BlackClock "0:01:10"]

1. e4 e5 2. Nf3 Nf6 3. d4 Nxe4 4. Bd3 d5 5. Nxe5 Bd6 6. O-O O-O 7. f3 Nc5 8. Re1 Ne6 9. c3 c5 10. dxc5 Bxc5+ 11. Kh1 Qh4 12. Nd2 Bf2 13. Re2 Bg3 14. Nf1 Bxe5 15. Rxe5 Nc6 16. Rxd5 Nf4 17. g3 Nxd3 18. Qxd3 Qh3 19. Bf4 Be6 20. Rd6 Rad8 21. Rd1 Rxd6 22. Bxd6 Rd8 23. Qc2 Bd5 24. Qe2 Bxa2 25. c4 h6 26. Ne3 Bb3 27. Rd5 b5 28. Rxb5 Nd4 0-1

[Event "December 12 Early 2023"]
[Site "https://www.chess.com"]
[Date "2023.12.12"]
[Round "4"]
[White "Mesa Cruz, Juan Carlos"]
[Black "Perez Cruz, Adianet"]
[Result "0-1"]
[Board "211"]
[TimeControl "180+1"]
[WhiteFideId "6423400"]
[BlackFideId "3510115"]
[WhiteElo "2344"]
[BlackElo "2038"]
[WhiteTeam "DOM"]
[BlackTeam "CUB"]
[WhiteClock "0:00:00"]
[BlackClock "0:01:28"]

1. e4 c6 2. Nc3 d5 3. d4 dxe4 4. Nxe4 Nf6 5. Ng3 Bg4 6. Nf3 Bxf3 7. Qxf3 Qxd4 8. Bd3 e6 9. O-O Nbd7 10. Bf4 Be7 11. c3 Qb6 12. a4 Nd5 13. a5 Qd8 14. Bd2 N7f6 15. a6 b6 16. c4 Nc7 17. Qxc6+ Kf8 18. Rad1 Nce8 19. Bf4 Rc8 20. Qb7 Nd6 21. Qf3 g6 22. Bh6+ Kg8 23. b4 Qc7 24. c5 bxc5 25. bxc5 Nf5 26. Nxf5 exf5 27. Rfe1 Bxc5 28. Rc1 Qb6 0-1

[Event "December 12 Early 2023"]
[Site "https://www.chess.com"]
[Date "2023.12.12"]
[Round "4"]
[White "Sailer, Mike"]
[Black "Luukkonen, Tommi"]
[Result "1-0"]
[Board "212"]
[TimeControl "180+1"]
[WhiteFideId "2012901"]
[BlackFideId "501808"]
[WhiteElo "2035"]
[BlackElo "2338"]
[WhiteTeam "USA"]
[BlackTeam "FIN"]
[WhiteClock "0:00:03"]
[BlackClock "0:00:00"]

1. d4 Nf6 2. Bg5 e6 3. Nd2 h6 4. Bh4 g5 5. Bg3 d6 6. e3 Bg7 7. Bd3 Nc6 8. a3 Qe7 9. c4 b6 10. Ne2 Bb7 11. f3 h5 12. Nc3 h4 13. Bf2 h3 14. g4 a6 15. Rg1 O-O-O 16. Qe2 Kb8 17. O-O-O Nd7 18. Kb1 Na5 19. c5 dxc5 20. Bxa6 cxd4 21. exd4 Ba8 22. Nde4 Nf6 23. Nxf6 Qxf6 24. Ne4 Qe7 25. Rd3 Bd5 26. Rc1 f5 27. gxf5 exf5 28. Nc3 Qxe2 29. Nxe2 Nb3 30. Rcc3 Rde8 31. Ng3 Na5 32. Nxf5 Bf6 33. Bg3 Ka7 34. Rxc7+ Kxa6 35. Nd6 Re2 36. b4 Ba2+ 37. Kc1 b5 38. bxa5 Kxa5 39. Nc8 b4 40. Ra7+ Kb5 41. Rb7+ Kc4 42. Rd2 Rxd2 43. Kxd2 b3 44. Nd6+ Kd5 45. Nb5 1-0

[Event "December 12 Early 2023"]
[Site "https://www.chess.com"]
[Date "2023.12.12"]
[Round "4"]
[White "Olcayoz, Gizem"]
[Black "Buscar, Michael"]
[Result "0-1"]
[Board "213"]
[TimeControl "180+1"]
[WhiteFideId "6301444"]
[BlackFideId "2603616"]
[WhiteElo "2027"]
[BlackElo "2333"]
[WhiteTeam "TUR"]
[BlackTeam "CAN"]
[WhiteClock "0:00:00"]
[BlackClock "0:00:10"]

1. e4 c5 2. Nc3 g6 3. d4 cxd4 4. Qxd4 Nf6 5. Be3 Nc6 6. Qd2 Bg7 7. f3 d6 8. Nge2 O-O 9. h4 h5 10. Nf4 Ne5 11. O-O-O Qa5 12. Kb1 Re8 13. Be2 Bd7 14. g4 hxg4 15. fxg4 Nexg4 16. h5 Nxe3 17. Qxe3 Ng4 18. Bxg4 Bxg4 19. hxg6 Bxd1 20. gxf7+ Kxf7 21. Nxd1 Rh8 22. Rf1 Ke8 23. Ne6 Bf6 24. Nf2 Kd7 25. Nd4 Rac8 26. Ng4 Bxd4 27. Qxd4 Qc5 28. Qd3 Kc7 29. a3 Kb8 30. Rf7 Rh1+ 31. Ka2 Qxc2 32. Qxc2 Rxc2 33. Rxe7 Rg1 34. Ne3 Re2 35. Nc4 Rgg2 36. Kb3 Rg3+ 37. Kb4 d5 38. Nd6 dxe4 39. Rxb7+ Ka8 40. b3 Ree3 41. Kc4 Rc3+ 42. Kd5 Rgd3+ 43. Ke5 e3 44. Re7 a5 45. Re8+ Ka7 46. Nb5+ Ka6 47. Nxc3 Rxc3 48. Kd4 Rxb3 49. Rxe3 Rb1 0-1

[Event "December 12 Early 2023"]
[Site "https://www.chess.com"]
[Date "2023.12.12"]
[Round "4"]
[White "Harriott, Tyrell"]
[Black "Bongo Akanga Ndjila, Barthelemy"]
[Result "0-1"]
[Board "214"]
[TimeControl "180+1"]
[WhiteFideId "2086484"]
[BlackFideId "10609431"]
[WhiteElo "2333"]
[BlackElo "2012"]
[WhiteTeam "USA"]
[BlackTeam "GAB"]
[WhiteClock "0:00:00"]
[BlackClock "0:00:34"]

1. d4 d5 2. e3 Nf6 3. Bd3 Bg4 4. Ne2 e6 5. f4 Bd6 6. Nd2 c5 7. c3 Nc6 8. O-O Bf5 9. Nf3 Bxd3 10. Qxd3 Ne4 11. Nd2 f5 12. Nxe4 fxe4 13. Qd1 b6 14. f5 Qf6 15. fxe6 Qxe6 16. dxc5 bxc5 17. Qa4 Rc8 18. b4 cxb4 19. cxb4 Bxb4 20. Nd4 Qd6 21. Bb2 Bc5 22. Nf5 Qg6 23. Rac1 Bb6 24. Nxg7+ Kd7 25. Nf5 Rhf8 26. Ng3 Bxe3+ 27. Kh1 Bxc1 0-1

[Event "December 12 Early 2023"]
[Site "https://www.chess.com"]
[Date "2023.12.12"]
[Round "4"]
[White "Skurikhin, Dmitrij"]
[Black "Lohani, Sujana"]
[Result "1-0"]
[Board "215"]
[TimeControl "180+1"]
[WhiteFideId "4161297"]
[BlackFideId "12311987"]
[WhiteElo "2331"]
[BlackElo "2011"]
[WhiteTeam "RUS"]
[BlackTeam "NEP"]
[WhiteClock "0:00:06"]
[BlackClock "0:00:10"]

1. d4 d6 2. Nf3 g6 3. c4 Bg7 4. Nc3 a6 5. e4 b6 6. Bd3 Bb7 7. Be3 Nd7 8. Qd2 c5 9. d5 Ngf6 10. h3 O-O 11. Bh6 Re8 12. Bxg7 Kxg7 13. g4 e6 14. O-O-O exd5 15. exd5 Ne5 16. Nxe5 Rxe5 17. f4 Re7 18. Rde1 b5 19. g5 Nh5 20. Ne4 bxc4 21. Qc3+ Kg8 22. Bxc4 Rb8 23. b3 Bc8 24. Nf6+ Nxf6 25. gxf6 Rxe1+ 26. Rxe1 Bxh3 27. Qxh3 Qxf6 28. Kc2 Qxf4 29. Qe3 Qh2+ 30. Re2 Qh5 31. Qe7 a5 32. Qxd6 Rf8 33. Re7 a4 34. Qxc5 axb3+ 35. Bxb3 Qh2+ 36. Kc3 Qh3+ 37. Kd2 Qh2+ 38. Re2 Qf4+ 39. Kc2 Qf5+ 40. Kb2 Qf3 41. Qe3 Qf6+ 42. Qe5 Qf1 43. d6 Rc8 44. Rc2 Rxc2+ 45. Kxc2 Qf2+ 46. Kc3 Qf3+ 47. Kc4 Qf1+ 48. Kc5 Qc1+ 49. Kb6 Qg1+ 50. Kb7 Qg2+ 51. Kb8 Qc6 52. Qd5 Qb6+ 53. Kc8 Qa6+ 54. Kc7 Qa7+ 55. Qb7 Qc5+ 56. Kd7 Qf5+ 57. Kd8 Qa5+ 58. Qc7 Qa8+ 59. Qc8 Qa5+ 60. Kd7+ Kg7 61. Qc7 Qf5+ 62. Kd8 Qf6+ 63. Kc8 Qf5+ 64. d7 h5 65. Qc3+ f6 66. Qc4 h4 67. Qd5 Qxd5 68. Bxd5 h3 69. d8=Q g5 70. Qe7+ Kg6 71. Be4+ f5 72. Qe6+ Kh5 73. Qxf5 h2 74. Bf3+ Kh6 75. Qg4 h1=Q 76. Bxh1 Kg7 77. Be4 Kf7 78. Qf5+ Ke7 79. Qxg5+ 1-0

[Event "December 12 Early 2023"]
[Site "https://www.chess.com"]
[Date "2023.12.12"]
[Round "4"]
[White "Donatti, Alvaro"]
[Black "Filippova, Margarita"]
[Result "1-0"]
[Board "216"]
[TimeControl "180+1"]
[WhiteFideId "3000303"]
[BlackFideId "34199680"]
[WhiteElo "1980"]
[BlackElo "2327"]
[WhiteTeam "URU"]
[BlackTeam "RUS"]
[WhiteClock "0:01:30"]
[BlackClock "0:01:48"]

1. e4 e5 2. Nf3 Nc6 3. Bb5 Nge7 4. O-O a6 5. Ba4 g6 6. d4 exd4 7. Nxd4 Bg7 8. Be3 O-O 9. c3 d6 10. Nd2 Bd7 11. Bb3 Na5 12. Bc2 d5 13. Re1 c5 14. N4f3 Rc8 15. Bg5 f6 16. Bh4 Nac6 17. exd5 Nxd5 18. Ne4 Bf5 19. Nxc5 Bxc2 20. Qxc2 Rf7 21. Rad1 Rd7 22. Nxd7 1-0

[Event "December 12 Early 2023"]
[Site "https://www.chess.com"]
[Date "2023.12.12"]
[Round "5"]
[White "Aronian, Levon"]
[Black "Zakhartsov, Vladimir"]
[Result "0-1"]
[Board "1"]
[TimeControl "180+1"]
[WhiteFideId "13300474"]
[BlackFideId "4145097"]
[WhiteElo "3125"]
[BlackElo "2919"]
[WhiteTeam "USA"]
[BlackTeam "RUS"]
[WhiteClock "0:00:00"]
[BlackClock "0:00:15"]

1. e4 c5 2. Nf3 Nc6 3. Bb5 g6 4. Bxc6 bxc6 5. O-O Bg7 6. Re1 Nh6 7. c3 O-O 8. d3 d6 9. e5 f6 10. e6 d5 11. Qa4 Qb6 12. Nbd2 Nf5 13. Nb3 Ba6 14. Nxc5 Qxc5 15. Qxa6 Rfb8 16. d4 Qb5 17. Qxb5 Rxb5 18. b3 g5 19. g4 Nd6 20. Ba3 Ne4 21. Re3 Rb7 22. Ne1 f5 23. gxf5 c5 24. Rd1 cxd4 25. cxd4 Rc8 26. Kg2 Rbc7 27. Nf3 Rc2 28. Rf1 Bf6 29. Ne5 Rxa2 30. Bb4 Rcc2 31. Ng4 Bxd4 32. Rf3 h5 33. Ne3 Bxe3 34. Rxe3 Rxf2+ 35. Rxf2 Rxf2+ 36. Kg1 Rxf5 37. Bxe7 Re5 38. Rd3 Rxe6 39. Ba3 Re5 40. Bb2 Rf5 41. Bd4 g4 42. Bxa7 Ng5 43. Kg2 Ne6 44. Be3 Rf3 45. b4 d4 46. Rxd4 Nxd4 47. Bxd4 Rb3 48. Be5 Kf7 49. h3 Rxh3 50. Bg3 Ke6 51. b5 Rxg3+ 52. Kxg3 Kd6 0-1

[Event "December 12 Early 2023"]
[Site "https://www.chess.com"]
[Date "2023.12.12"]
[Round "5"]
[White "Mitrabha, Guha"]
[Black "Oparin, Grigoriy"]
[Result "1-0"]
[Board "2"]
[TimeControl "180+1"]
[WhiteFideId "5057000"]
[BlackFideId "24125890"]
[WhiteElo "2907"]
[BlackElo "3061"]
[WhiteTeam "IND"]
[BlackTeam "USA"]
[WhiteClock "0:00:14"]
[BlackClock "0:00:00"]

1. Nf3 Nf6 2. c4 b6 3. g3 c5 4. Bg2 Bb7 5. O-O g6 6. b3 Bg7 7. Bb2 O-O 8. Nc3 e6 9. d4 Qe7 10. Qd2 d5 11. cxd5 exd5 12. Rad1 Rd8 13. dxc5 bxc5 14. Na4 Na6 15. Qc1 Rac8 16. e3 Bc6 17. Nc3 d4 18. Ne2 Ng4 19. h3 Qb7 20. hxg4 Bxf3 21. Nf4 Nb4 22. Qa1 Bxg2 23. Nxg2 Qf3 24. g5 Nc6 25. exd4 cxd4 26. Nf4 Qg4 27. Qb1 Qxg5 28. Qe4 h5 29. Rc1 Qb5 30. Rc4 Re8 31. Qd5 Qxd5 32. Nxd5 Rcd8 33. Nc7 Ne5 34. Ra4 Re7 35. Nb5 d3 36. Kg2 d2 37. Rd1 Ng4 38. Bxg7 Kxg7 39. Rd4 Rxd4 40. Nxd4 Rd7 41. Rxd2 Kg8 42. Nf3 Rxd2 43. Nxd2 Ne5 44. Ne4 Kf8 45. Nd6 Nc6 46. Kf3 Ke7 47. Nc4 Ke6 48. Ke4 f6 49. a3 g5 50. b4 a6 51. Nb2 f5+ 52. Ke3 Kd5 53. Nd3 Na7 54. a4 Nc8 55. a5 Kc4 56. Nc5 Kxb4 57. Nxa6+ Kxa5 58. Nc7 Nd6 59. Ne6 f4+ 60. gxf4 gxf4+ 61. Nxf4 h4 62. Nh3 Kb5 63. Kf4 Kc5 64. Ke5 Nc4+ 65. Ke6 Nb6 66. f4 Nd5 67. f5 Kd4 68. Ng5 Nf4+ 69. Kd6 Nd5 70. Nf3+ Ke4 71. Nxh4 Nf6 72. Ke6 Ng4 73. Ng6 Kd4 74. Ne7 Ke4 75. Nd5 Kd4 76. Nc7 Ke4 77. Ne8 Kf4 78. Nd6 Kg5 79. Ne4+ Kf4 80. Nf6 Nh6 81. Nd5+ Kg5 82. f6 Kg6 83. Ne7+ Kh7 84. Nf5 Kg6 85. Nxh6 1-0

[Event "December 12 Early 2023"]
[Site "https://www.chess.com"]
[Date "2023.12.12"]
[Round "5"]
[White "Shankland, Sam"]
[Black "Xiong, Jeffery"]
[Result "1/2-1/2"]
[Board "3"]
[TimeControl "180+1"]
[WhiteFideId "2004887"]
[BlackFideId "2047640"]
[WhiteElo "2900"]
[BlackElo "3049"]
[WhiteTeam "USA"]
[BlackTeam "USA"]
[WhiteClock "0:01:29"]
[BlackClock "0:01:22"]

1. d4 d5 2. c4 dxc4 3. Nf3 Nf6 4. e3 e6 5. Bxc4 a6 6. O-O c5 7. Nbd2 cxd4 8. Nxd4 Bc5 9. N4b3 Be7 10. Be2 O-O 11. Nc4 b5 12. Qxd8 Rxd8 13. Nb6 Ra7 14. Nxc8 Rxc8 15. Bd2 Ne4 16. Ba5 Nc6 17. Rac1 Raa8 18. Bf3 Nxa5 19. Nxa5 f5 20. Nc6 Bf6 21. Bxe4 fxe4 22. Rc2 Rc7 23. Rfc1 Kf8 24. b3 Rac8 25. Nb4 Rxc2 26. Rxc2 Rxc2 27. Nxc2 Bc3 28. Kf1 Ke7 29. Ke2 Kd6 30. f3 Kd5 31. f4 g6 32. g4 Kc5 33. h3 a5 34. Kd1 a4 35. Ke2 axb3 36. axb3 Kd5 37. Kd1 Kc5 38. Ke2 Kd5 39. Kd1 Kc5 40. Ke2 1/2-1/2

[Event "December 12 Early 2023"]
[Site "https://www.chess.com"]
[Date "2023.12.12"]
[Round "5"]
[White "Bocharov, Dmitry"]
[Black "Paravyan, David"]
[Result "1/2-1/2"]
[Board "4"]
[TimeControl "180+1"]
[WhiteFideId "4138716"]
[BlackFideId "4194985"]
[WhiteElo "2878"]
[BlackElo "3029"]
[WhiteTeam "RUS"]
[BlackTeam "FID"]
[WhiteClock "0:00:07"]
[BlackClock "0:00:04"]

1. c4 Nf6 2. g3 c6 3. Bg2 d5 4. Nf3 dxc4 5. O-O Nbd7 6. a4 e5 7. Qc2 Bd6 8. Na3 O-O 9. Nxc4 Bc7 10. d3 Re8 11. b4 Nf8 12. Bb2 Ng6 13. b5 Bd7 14. Qb3 h5 15. Ng5 Nd5 16. Ne4 h4 17. Nc5 h3 18. Bh1 Rb8 19. Nxd7 Qxd7 20. Rfd1 Rbd8 21. Rac1 Qe6 22. bxc6 bxc6 23. Nd2 Bb6 24. Ne4 Bd4 25. Bxd4 exd4 26. Qc4 Ne5 27. Qxd4 Qg4 28. f3 Qg6 29. Qf2 Qh6 30. f4 Ng4 31. Qf3 f5 32. Nf2 Nxh2 33. Kxh2 Re3 34. Rxc6 Rxf3 35. Rxh6 Rxf2+ 36. Kg1 Rxe2 37. Bxd5+ Rxd5 38. Rxh3 Rd4 39. a5 Ra4 40. Rh2 Re3 41. Kf2 Re6 42. Kf3 Rxa5 43. Rc2 Rd6 44. d4 Ra3+ 45. Kf2 Kf7 46. Rc7+ Kf6 47. d5 Ra5 48. Rc6 Rxc6 49. dxc6 Rc5 50. Rd6+ Ke7 51. Rd7+ Kf6 52. Rd6+ Ke7 53. Rd7+ Kf6 54. Rd6+ 1/2-1/2

[Event "December 12 Early 2023"]
[Site "https://www.chess.com"]
[Date "2023.12.12"]
[Round "5"]
[White "Martinez Alcantara, Jose Eduardo"]
[Black "Klymchuk, Andriy"]
[Result "1-0"]
[Board "5"]
[TimeControl "180+1"]
[WhiteFideId "3805662"]
[BlackFideId "14140063"]
[WhiteElo "3025"]
[BlackElo "2843"]
[WhiteTeam "PER"]
[BlackTeam "UKR"]
[WhiteClock "0:00:08"]
[BlackClock "0:00:20"]

1. e4 c6 2. d4 d5 3. e5 Bf5 4. h4 h5 5. Bd3 Bxd3 6. Qxd3 Qa5+ 7. b4 Qxb4+ 8. Nd2 Qb5 9. c4 dxc4 10. Nxc4 e6 11. Rb1 Qa6 12. Ne2 Nd7 13. Qc2 Nb6 14. Ne3 Ne7 15. O-O Ned5 16. Nxd5 Nxd5 17. Bg5 Be7 18. Bxe7 Kxe7 19. Qd2 g6 20. Ng3 Rhd8 21. Ne4 b6 22. Qg5+ Ke8 23. Rbc1 Rac8 24. Nd6+ Rxd6 25. exd6 Kd7 26. Qe5 Qd3 27. Rfe1 Qf5 28. g3 f6 29. Qe2 Kxd6 30. Qb2 a5 31. Re2 g5 32. Rce1 Re8 33. Qa3+ Kd7 34. Re4 gxh4 35. Rxh4 Rg8 36. Rhe4 Re8 37. Qd3 h4 38. g4 Qg6 39. Qa6 f5 40. Qb7+ Kd6 41. Rc1 Ne7 42. Re3 Qxg4+ 43. Kf1 Rg8 44. d5 Qg1+ 45. Ke2 Qxc1 46. Rxe6+ Kc5 47. Qxe7+ Kb5 48. dxc6 Qc2+ 49. Ke3 f4+ 50. Kxf4 Qc4+ 51. Kf5 Qc5+ 52. Qxc5+ Kxc5 53. c7 Rc8 54. Re7 Kd6 55. Rh7 h3 56. Rxh3 Rxc7 57. Rd3+ Kc6 58. f4 Kb7 59. Kg6 b5 60. f5 Rc2 61. a3 Rg2+ 62. Kf7 Rf2 63. f6 Kc6 64. Ke6 b4 65. axb4 axb4 66. f7 Kc5 67. Rd5+ Kc4 68. Rf5 Re2+ 69. Kf6 b3 70. f8=Q b2 71. Qc5+ Kd3 72. Rf3+ Kd2 73. Qc3+ 1-0

[Event "December 12 Early 2023"]
[Site "https://www.chess.com"]
[Date "2023.12.12"]
[Round "5"]
[White "Matinian, Nikita"]
[Black "Vokhidov, Shamsiddin"]
[Result "0-1"]
[Board "6"]
[TimeControl "180+1"]
[WhiteFideId "24129100"]
[BlackFideId "14204223"]
[WhiteElo "2750"]
[BlackElo "3020"]
[WhiteTeam "FID"]
[BlackTeam "UZB"]
[WhiteClock "0:00:00"]
[BlackClock "0:00:17"]

1. e4 c5 2. Nc3 Nc6 3. Bb5 Nd4 4. Nf3 a6 5. Bd3 g6 6. O-O Bg7 7. Re1 d6 8. Nxd4 cxd4 9. Ne2 d5 10. Rb1 dxe4 11. Bxe4 Nf6 12. Bf3 d3 13. cxd3 Qxd3 14. Nc3 Qd6 15. Qa4+ Bd7 16. Qa3 O-O-O 17. Rxe7 Bc6 18. Qxd6 Rxd6 19. Bxc6 Rxc6 20. Rxf7 Re8 21. g3 Re1+ 22. Kg2 Rc7 23. Rxc7+ Kxc7 24. b4 Ne4 25. Nxe4 Rxe4 26. Bb2 Bxb2 27. Rxb2 Kd6 28. f4 Re2+ 29. Kh3 b5 30. Rc2 Kd7 31. g4 Re4 32. Kg3 Rxb4 33. Rc3 Rd4 34. Ra3 Rd6 35. g5 Kc7 36. h4 Kb6 37. d3 b4 38. Rb3 a5 39. Kg4 Kb5 40. h5 a4 41. Rb2 Rxd3 42. Re2 b3 43. axb3 axb3 44. Re7 Rd6 45. Re2 Kc4 46. hxg6 hxg6 47. Re1 b2 48. Rb1 Kc3 49. Rh1 Rb6 0-1

[Event "December 12 Early 2023"]
[Site "https://www.chess.com"]
[Date "2023.12.12"]
[Round "5"]
[White "Poormosavi, Seyed Kian"]
[Black "Drygalov, Sergey"]
[Result "1/2-1/2"]
[Board "7"]
[TimeControl "180+1"]
[WhiteFideId "12585807"]
[BlackFideId "24171743"]
[WhiteElo "2711"]
[BlackElo "3017"]
[WhiteTeam "IRI"]
[BlackTeam "RUS"]
[WhiteClock "0:00:17"]
[BlackClock "0:00:23"]

1. Nf3 d5 2. g3 g6 3. Bg2 Bg7 4. d4 Nf6 5. O-O c6 6. c3 O-O 7. Nbd2 Bf5 8. Re1 a5 9. a4 Nbd7 10. Nh4 Bg4 11. h3 Be6 12. Kh2 Re8 13. Nhf3 h6 14. b3 Ne4 15. Nxe4 dxe4 16. Nd2 f5 17. f3 c5 18. e3 exf3 19. Qxf3 Rb8 20. Ba3 Bf7 21. Nc4 Qc7 22. Qf4 e5 23. Qf2 exd4 24. exd4 cxd4 25. cxd4 Bxc4 26. Rec1 Nf6 27. Rxc4 Qd7 28. Rd1 Ne4 29. Bxe4 fxe4 30. d5 e3 31. Qe2 Be5 32. Bc5 b5 33. Rg4 g5 34. Qxe3 bxa4 35. Rxa4 Qf5 36. Qf2 Qg6 37. b4 h5 38. Kg1 h4 39. gxh4 gxh4+ 40. Kh1 Bg3 41. Qg2 axb4 42. Rxb4 Rxb4 43. Bxb4 Qf5 44. d6 Rd8 45. Qd5+ Qxd5+ 46. Rxd5 Kf7 47. Kg2 Ke6 48. Rd3 Bxd6 49. Bxd6 Rxd6 50. Rxd6+ Kxd6 51. Kf3 Ke6 52. Kg4 Kf6 53. Kxh4 Kg7 54. Kg4 Kh8 55. h4 Kg8 56. h5 Kh8 57. h6 Kg8 58. h7+ Kh8 59. Kh4 Kxh7 1/2-1/2